 Dungeon Crawl Stone Soup version 0.29.0-4-gdea44cf6ec (webtiles) character file.

Game seed: 2341158643576300605

4 112233 the Ogre Mage (level 1, -1/8 (16) HPs)
             Began as an Ogre Hedge Wizard on Aug 26, 2022.
             Slain by a kobold
             ... wielding a +2 whip of draining
              (6 damage)
             ... on level 2 of the Dungeon.
             The game lasted 00:00:07 (269 turns).

112233 the Ogre Mage (Ogre Hedge Wizard)             Turns: 269, Time: 00:00:08

HP:   -1/8 (16)     AC:  3    Str: 13    XL:     1   Next: 70%
MP:   5/5           EV:  9    Int: 15    God:
Gold: 0             SH:  0    Dex:  8    Spells: 6/7 levels left

rFire   . . .      SeeInvis .   a - +0 dagger
rCold   . . .      Faith    .   (no shield)
rNeg    . . .      Spirit   .   b - +0 robe
rPois   .          Reflect  .   c - +0 hat
rElec   .          Harm     .   (no cloak)
rCorr   .          Rampage  .   (gloves unavailable)
Will    .....                   (boots unavailable)
Stlth   +.........              (no amulet)
HPRegen 0.02/turn               (no ring)
MPRegen 0.09/turn               (no ring)

@: extremely drained
A: large, unfitting armour, tough skin 1
a: no special abilities


You were on level 2 of the Dungeon.
You visited 1 branch of the dungeon, and saw 2 of its levels.

Inventory:

Hand Weapons
 a - a +0 dagger (weapon)
Armour
 b - a +0 robe (worn)
 c - a +0 hat (worn)
Scrolls
 e - a scroll of poison {unknown}
Potions
 d - a potion of magic


   Skills:
 + Level 1.8 Dodging
 + Level 1.4 Stealth
 + Level 3.6 Spellcasting
 + Level 1.0 Conjurations
 + Level 1.0 Summonings
 + Level 1.0 Translocations


You had 6 spell levels left.
You knew the following spells:

 Your Spells              Type           Power      Damage    Failure   Level
a - Magic Dart            Conj           20%        1d4       12%         1

Your spell library contained the following spells:

 Spells                   Type           Power      Damage    Failure   Level
 Slow                     Hex            8%         N/A       19%         1
 Blink                    Tloc           10%        N/A       19%         2
 Call Imp                 Summ           5%         N/A       19%         2
 Conjure Flame            Conj/Fire      4%         6-21      41%         3
 Mephitic Cloud           Conj/Pois/Air  3%         N/A       43%         3


Dungeon Overview and Level Annotations

Branches:
Dungeon (2/15)

Altars:


Innate Abilities, Weirdness & Mutations

You are too large for most types of armour.
You have tough skin. (AC +1)


Message History

You are too injured to fight recklessly!
You are too injured to fight recklessly!
You are too injured to fight recklessly!
Unknown command.
You closely miss the goblin.
The goblin is heavily wounded.
The goblin hits you but does no damage.
You feel drained.
You closely miss the goblin.
The goblin is heavily wounded.
The goblin hits you with a +2 dagger of draining.
* * * LOW HITPOINT WARNING * * *
You feel drained.
You hit the goblin.
You kill the goblin!
Your Summonings skill increases to level 1!
Your Translocations skill increases to level 1!
Found a stone staircase leading down.
You see here a +2 dagger of draining.
Unknown command.
There is a stone staircase leading down here.
You climb downwards.
There is a stone staircase leading up here.
Unknown command.
Magic restored.
HP restored.
A kobold comes into view. It is wielding a +2 whip of draining.
The kobold shouts!
You hear a shout!
A kobold is nearby!
A kobold is nearby!
You hit the kobold.
The kobold is moderately wounded.
The kobold hits you with a +2 whip of draining.
Ouch! That really hurt!
You feel drained.
A kobold is nearby!
You barely miss the kobold.
The kobold is moderately wounded.
The kobold hits you with a +2 whip of draining.
Ouch! That really hurt!
You die...

#####
#.@.#
#K#<#
#.###
..
.##
#. #


You could see a kobold.

Vanquished Creatures
  An endoplasm (D:1)
  A goblin (D:1)
  A hobgoblin (D:1)
  A bat (D:1)
4 creatures vanquished.

Notes
Turn   | Place    | Note
-------+----------+-------------------------------------------
     0 | D:1      | 112233 the Ogre Hedge Wizard began the quest for the Orb.
     0 | D:1      | Reached XP level 1. HP: 16/16 MP: 5/5
    46 | D:1      | Reached skill level 1 in Conjurations
    58 | D:1      | Reached skill level 1 in Summonings
    58 | D:1      | Reached skill level 1 in Translocations
   269 | D:2      | Slain by a kobold

Illustrated notes

Levels and vault maps discovered:
D:1:      dpeg_arrival_rooms_c, layout_loops_ring,
          hellmonk_ecumenical_altar_dog_temple
D:2:      layout_basic

Skill      XL: |  1 |
---------------+----+-----
Conjurations   | 1 |  1.0
Summonings     | 1 |  1.0
Translocations | 1 |  1.0
Dodging        | |  1.8
Stealth        | |  1.4
Spellcasting   | |  3.6

Action                   || total
-------------------------++-------
Melee: Dagger            ||    20
       Punch             ||     1
 Cast: Magic Dart        ||     3
Armor: Robe              ||    14
Dodge: Dodged            ||    10
